 Dungeon Crawl Stone Soup version 0.20.0-8-g6b59dc7 (webtiles) character file.

51 George the Slasher (level 3, 0/27 HPs)
             Began as a Demonspawn Gladiator on June 1, 2017.
             Killed by nerve-wracking pain
             ... invoked by an orc priest
              (5 damage)
             ... on level 3 of the Dungeon.
             The game lasted 00:01:54 (1371 turns).

George the Slasher (Demonspawn Gladiator)           Turns: 1371, Time: 00:01:55

Health: 0/27       AC:  6    Str: 15    XL:     3   Next: 57%
Magic:  3/3        EV: 14    Int:  9    God:
Gold:   106        SH:  0    Dex: 14    Spells: 2/2 levels left

rFire    . . .     SeeInvis .   a - +0 long sword
rCold    . . .     Gourm    .   (no shield)
rNeg     . . .     Faith    .   b - +0 leather armour
rPois    .         Spirit   .   c - +0 helmet
rElec    .         Reflect  .   k - +0 cloak
rCorr    .         Harm     .   (no gloves)
MR       .....                  t - +0 pair of boots
Stlth    +.........             (no amulet)
Regen    0.1/turn               (no ring)
MPRegen  0.1/turn               (no ring)

@: no status effects
A: hooves 1, repulsion field 1
a: no special abilities


You were on level 3 of the Dungeon.
You were hungry.

You visited 1 branch of the dungeon, and saw 3 of its levels.

You collected 106 gold pieces.

Inventory:

Hand Weapons
 a - a +0 long sword (weapon)
Missiles
 d - 3 throwing nets
 v - 4 javelins (quivered)
Armour
 b - a +0 leather armour (worn)
 c - a +0 helmet (worn)
 k - a +0 cloak (worn)
 t - a +0 pair of boots (worn)
Scrolls
 j - a scroll of remove curse {unknown}
 m - a scroll of immolation {unknown}
 n - 2 scrolls of fear {unknown}
 o - 2 scrolls of enchant weapon {unknown}
 q - a scroll of blinking {unknown}
 s - 2 scrolls of identify {unknown}
 u - a scroll of noise {unknown}
Potions
 e - a potion of heal wounds {unknown}
 g - 3 potions of mutation {unknown}
 h - a potion of cancellation {unknown}
 l - 2 potions of curing {unknown}
 r - a potion of invisibility {unknown}
Comestibles
 f - 3 bread rations
 i - a meat ration
 p - 2 royal jellies


   Skills:
 - Level 2.0 Fighting
 + Level 4.2 Long Blades
 - Level 1.7 Throwing
 - Level 2.6 Dodging


You had 2 spell levels left.
You didn't know any spells.

Dungeon Overview and Level Annotations

Branches:
Dungeon (3/15)

Altars:
Trog


Innate Abilities, Weirdness & Mutations

You have large cloven feet.
You are surrounded by a mild repulsion field. (EV +2)


Message History

The orc shouts!
You hit the orc priest.
The orc priest is moderately wounded.
You slash the orc!
You kill the orc!
You closely miss the orc priest.
The orc priest is moderately wounded.
The orc priest mumbles some strange prayers to Beogh against you.
Pain shoots through your body!
* * * LOW HITPOINT WARNING * * *
You hit the orc priest but do no damage.
The orc priest is moderately wounded.
The orc priest barely misses you.
You riposte.
You hit the orc priest but do no damage.
The orc priest is moderately wounded.
You closely miss the orc priest.
The orc priest is moderately wounded.
The orc priest invokes the aid of Beogh against you.
Pain shoots through your body!
You die...

##################
#...#.............
#.#.#.############
#.#.#.##.#.......#
###.###.#.#....#.#####.#
#.......................
.#.###.#.####.#.#.##..#
#.#.####.#.#.....#
#@#.#............#
#o#.#.##......#(.# #o#.#
#....<.....# #o#.#
#..#######+# .o.......
.## #### . #.


You could see an orc priest and 3 orcs.

Vanquished Creatures
  2 dart slugs (D:2)
  A leopard gecko (D:2)
  An orc (D:3)
  2 ball pythons
  4 bats
  4 giant cockroaches
  9 goblins
  3 hobgoblins
  5 jackals
  2 kobolds (D:2)
  2 frilled lizards
  5 rats
40 creatures vanquished.

Notes
Turn   | Place    | Note
-------+----------+-------------------------------------------
     0 | D:1      | George the Demonspawn Gladiator began the quest for the Orb.
     0 | D:1      | Reached XP level 1. HP: 16/16 MP: 1/1
   118 | D:1      | Reached skill level 3 in Long Blades
   193 | D:1      | Gained mutation: You are surrounded by a mild repulsion field. (EV +2) [demonic ancestry]
   193 | D:1      | Reached XP level 2. HP: 19/22 MP: 2/2
   918 | D:2      | Gained mutation: You have large cloven feet. [demonic ancestry]
   918 | D:2      | Reached XP level 3. HP: 26/27 MP: 3/3
   969 | D:2      | Reached skill level 4 in Long Blades
  1286 | D:2      | Found a bloodstained altar of Trog.
  1371 | D:3      | Killed from afar by an orc priest

Skill      XL: |  1  2  3 |
---------------+----------+-----
Long Blades    | 3 4 |  4.2
Fighting       | |  2.0
Throwing       | |  1.7
Dodging        | |  2.6

Action                   || total
-------------------------++-------
Melee: Long sword        ||   100
  Eat: Chunk             ||     1
Armor: Leather armour    ||    44
Dodge: Dodged            ||    87
       Rpst.: Long sword ||    35
